 Dungeon Crawl Stone Soup version 0.28.0-45-g0d030f2227 (webtiles) character file.

Game seed: 13853761692180199502

3167 Diomare the Spear-Bearer (level 9, 0/71 HPs)
             Began as a Merfolk Gladiator on Apr 14, 2022.
             Was a Priest of Wu Jian.
             Killed by divine providence
             ... invoked by an orc priest
              (10 damage)
             ... on level 8 of the Dungeon on Apr 15, 2022.
             The game lasted 01:32:25 (11388 turns).

Diomare the Spear-Bearer (Merfolk Gladiator)       Turns: 11388, Time: 01:32:25

Health: 0/71       AC: 17    Str: 19    XL:     9   Next: 94%
Magic:  18/18      EV: 17    Int:  5    God:    Wu Jian [***...]
Gold:   120        SH:  0    Dex: 25    Spells: 8/8 levels left

rFire   . . .      SeeInvis .   a - +0 trident
rCold   + + +      Faith    .   (no shield)
rNeg    . . .      Spirit   .   E - +7 ring mail of Qaoniq {rPois rC+++ Int-2 Dex+4}
rPois   +          Reflect  .   c - +0 helmet
rElec   .          Harm     .   x - +1 cloak {Stlth+}
rCorr   .          Rampage  .   y - +0 pair of gloves
Will    .....                   A - +0 pair of boots
Stlth   ++++......              L - amulet of the acrobat
HPRegen 0.21/turn               k - +6 ring of dexterity
MPRegen 0.16/turn               b - ring of magical power

@: no status effects
A: (nimble swimmer 2), mertail
a: Renounce Religion, Wall Jump, Serpent's Lash


You were on level 8 of the Dungeon.
You worshipped Wu Jian.
Wu Jian was most pleased with you.
You visited 2 branches of the dungeon, and saw 9 of its levels.

You collected 341 gold pieces.
You spent 221 gold pieces at shops.

Inventory:

Hand Weapons
 a - a +0 trident (weapon)
 l - a +0 dagger of venom
 w - a +3 quarterstaff of chaos
 F - a +1 vorpal hand axe
 H - a +2 short sword of venom
 P - a +3 mace
Missiles
 d - 3 throwing nets (quivered)
 j - 161 arrows
Armour
 c - a +0 helmet (worn)
 u - a +3 leather armour of fire resistance
 x - a +1 cloak of stealth (worn)
 y - a +0 pair of gloves (worn)
 A - a +0 pair of boots (worn)
 C - a +3 ring mail
 E - the +7 ring mail of Qaoniq (worn) {rPois rC+++ Int-2 Dex+4}
   (You found it on level 5 of the Dungeon)

   Int:       It affects your intelligence (-2).
   Dex:       It affects your dexterity (+4).
   rC:        It renders you almost immune to cold.
   rPois:     It protects you from poison.
Jewellery
 b - a ring of magical power (right hand)
 k - a +6 ring of dexterity (left hand)
 z - a ring of protection from cold
 L - an amulet of the acrobat (around neck)
Wands
 q - a wand of polymorph (16)
 s - a wand of flame (37)
 B - a wand of paralysis (5)
 N - a wand of acid (5)
 Q - a wand of charming (9)
Scrolls
 e - 2 scrolls of amnesia {unknown}
 f - a scroll of blinking {unknown}
 h - a scroll of magic mapping {unknown}
 i - a scroll of immolation {unknown}
 o - a scroll of fear {unknown}
 p - a scroll of vulnerability {unknown}
 v - 2 scrolls of teleportation
 I - a scroll of noise {unknown}
 K - 2 scrolls of enchant armour
 R - 3 scrolls of silence
Potions
 g - 4 potions of curing
 m - a potion of brilliance {unknown}
 n - a potion of ambrosia {unknown}
 r - 2 potions of lignification
 t - a potion of degeneration {unknown}
 D - a potion of haste {unknown}
 G - a potion of attraction {unknown}
 J - a potion of invisibility {unknown}
 M - a potion of might {unknown}
 O - a potion of heal wounds


   Skills:
 + Level 6.4 Fighting
 * Level 3.5 Short Blades
 - Level 12.0 Polearms
 - Level 2.0 Throwing
 - Level 1.0 Armour
 + Level 7.5 Dodging
 + Level 5.2 Stealth
 * Level 6.1 Unarmed Combat


You had 8 spell levels left.
You didn't know any spells.
Your spell library contained the following spells:

 Spells                   Type           Power      Damage    Failure   Level
 Tukima's Dance           Hex            0%         N/A       95%         3
 Anguish                  Hex/Necr       0%         N/A       100%        4
 Passage of Golubria      Tloc           0%         N/A       100%        4
 Silence                  Hex/Air        0%         N/A       100%        5
 Enfeeble                 Hex            0%         N/A       100%        7
 Lehudib's Crystal Spear  Conj/Erth      0%         10d2      100%        8


Dungeon Overview and Level Annotations

Branches:
Dungeon (8/15)             Temple (1/1) D:5
   Lair: D:8-11

Altars:
Ashenzari
Cheibriados
Dithmenos
Elyvilon
Fedhas
Gozag
Hepliaklqana
Kikubaaqudgha
Makhleb
Nemelex Xobeh
Okawaru
Qazlal
Ru
Sif Muna
Trog
Uskayaw
Vehumet
Wu Jian
Xom
Yredelemnul
Zin
The Shining One

Shops:
D:5 *   D:6 [

Annotations:
D:3 1 runed translucent door, 101zpm's ghost, amateur DjIE; Sigmund
D:8 Grum


Innate Abilities, Weirdness & Mutations

((You are very nimble when in or above water. (Stealth+, EV+, Speed+++)))
Your lower body shifts to a powerful aquatic tail in water.


Message History

The orc warrior is almost dead.
The orc priest closely misses you.
The orc warrior hits you but does no damage.
You closely miss the orc warrior.
The orc warrior is almost dead.
The warg closely misses you.
You hit the orc warrior.
You kill the orc warrior!
The Council accepts your kill. The orc priest misses you. The warg bites you!
You spin and attack the orc priest repeatedly.
You hit the orc priest.
The orc priest is moderately wounded.
You hit the orc priest.
The orc priest is heavily wounded.
The orc priest completely misses you. The warg misses you.
The orc priest invokes the aid of Beogh against you.
Beogh smites you!
You puncture the warg!
The warg is moderately wounded.
The warg barely misses you.
You barely miss the warg.
The warg is moderately wounded.
The warg closely misses you.
The orc priest hits you but does no damage.
You hit the warg.
The warg is moderately wounded.
The warg barely misses you.
You puncture the warg!
The warg is heavily wounded.
The orc priest invokes the aid of Beogh against you.
Beogh smites you!
* * * LOW HITPOINT WARNING * * *
The warg misses you.
You puncture the warg!
The warg is severely wounded.
The orc priest mumbles some strange prayers to Beogh against you.
Beogh smites you!
You die...

..≈≈≈≈≈≈... #.........#
.≈≈≈≈P≈≈..# #.........#
≈≈†P≈P≈≈.# #.........#
≈≈≈P≈≈P..# #####....##
≈≈≈......# ###..#
≈≈≈....#.# #†.#
≈....#...############..#
≈...##...........o...))#
................@h....##
....###################
#####


You could see a warg and an orc priest.

Vanquished Creatures
  A two-headed ogre (D:6)
  A wyvern (D:8)
  Eustachio (D:5)
  A warg (D:8)
  A water moccasin (D:5)
  An orc warrior (D:8)
  An ice beast (D:6)
  A black bear (D:6)
  A sky beast (D:7)
  3 ogres (D:6)
  3 centaurs
  2 scorpions
  A water moccasin zombie (D:5)
  A water moccasin skeleton (D:6)
  3 wights (D:7)
  2 electric eels (D:8)
  2 centaur zombies
  A hound (D:7)
  2 jellies
  Crazy Yiuf (D:3)
  A gnoll shaman (D:4)
  Jessica (D:2)
  2 bullfrog skeletons
  Ijyb (D:2)
  Natasha (thrice) (D:3)
  2 iguanas (D:5)
  4 orc wizards
  Robin (D:2)
  A gnoll (D:3)
  10 adders
  An ufetubus (D:5)
  6 worms
  3 dart slugs
  14 orcs
  10 ball pythons
  11 endoplasms
  8 giant cockroaches
  21 goblins
  13 hobgoblins
  10 jackals
  4 quokkas
  2 bats
  3 frilled lizards
  6 kobolds
  3 rats
171 creatures vanquished.

Vanquished Creatures (others)
  An orc wizard (D:5)
  A kobold (D:4)
  15 plants
17 creatures vanquished.

Grand Total: 188 creatures vanquished

Notes
Turn   | Place    | Note
-------+----------+-------------------------------------------
     0 | D:1      | Diomare the Merfolk Gladiator began the quest for the Orb.
     0 | D:1      | Reached XP level 1. HP: 16/16 MP: 1/1
   580 | D:1      | Reached XP level 2. HP: 23/23 MP: 2/2
   893 | D:1      | Reached skill level 1 in Stealth
  1327 | D:1      | Found a faded altar of an unknown god.
  1346 | D:1      | Prayed at the altar of an unknown god.
  1346 | D:1      | Became a worshipper of the Wu Jian Council
  1346 | D:1      | Reached * piety under Wu Jian
  1379 | D:1      | Reached XP level 3. HP: 25/28 MP: 3/3
  1407 | D:1      | Reached skill level 5 in Polearms
  2183 | D:2      | Noticed Robin
  2204 | D:2      | Reached XP level 4. HP: 27/34 MP: 4/4
  2373 | D:2      | Reached ** piety under Wu Jian
  2386 | D:2      | Killed Robin
  2493 | D:2      | Found a runed translucent door.
  2494 | D:2      | Noticed Crazy Yiuf
  2662 | D:2      | Noticed Jessica
  2692 | D:2      | Killed Jessica
  2693 | D:2      | Reached skill level 6 in Polearms
  2693 | D:2      | Reached XP level 5. HP: 24/39 MP: 5/5
  2696 | D:2      | Reached skill level 1 in Armour
  3267 | D:3      | Noticed Natasha
  3277 | D:3      | Killed Natasha
  3301 | D:3      | Found a runed translucent door.
  3302 | D:3      | Noticed 101zpm's ghost (amateur DjIE)
  3312 | D:3      | Noticed Sigmund
  3347 | D:3      | Noticed Ijyb
  3350 | D:3      | Noticed Natasha
  3562 | D:2      | Killed Ijyb
  3766 | D:3      | Reached XP level 6. HP: 44/47 MP: 6/6
  3769 | D:3      | Reached skill level 5 in Dodging
  3773 | D:3      | Reached skill level 7 in Polearms
  3833 | D:3      | Reached skill level 1 in Unarmed Combat
  4630 | D:3      | Killed Crazy Yiuf
  5003 | D:3      | Killed Natasha
  5026 | D:3      | Noticed Natasha
  5038 | D:3      | Killed Natasha
  6069 | D:4      | Noticed an ice beast
  6133 | D:5      | Entered Level 5 of the Dungeon
  6138 | D:5      | Reached XP level 7. HP: 52/52 MP: 7/7
  6151 | D:5      | Found Addul's General Store.
  6228 | D:5      | Bought a scroll of identify for 28 gold pieces
  6228 | D:5      | Bought a +0 pair of boots for 63 gold pieces
  6253 | D:5      | Reached skill level 8 in Polearms
  6256 | D:5      | Noticed Eustachio
  6305 | D:5      | Found a staircase to the Ecumenical Temple.
  6311 | Temple   | Entered the Ecumenical Temple
  7238 | D:5      | Identified the +7 ring mail of Qaoniq {rPois rC+++ Int-2
                  | Dex+4}
  7533 | D:5      | Reached *** piety under Wu Jian
  7971 | D:4      | Reached skill level 9 in Polearms
  8530 | D:4      | You fall into a shaft and drop 3 floors!
  8564 | D:6      | Reached XP level 8. HP: 46/60 MP: 8/8
  8617 | D:6      | Found Loitem's Antique Armour Boutique.
  8644 | D:6      | Bought a pair of gloves for 130 gold pieces
  8757 | D:5      | Killed Eustachio
  8758 | D:5      | Reached skill level 10 in Polearms
  9307 | D:6      | Noticed a two-headed ogre
  9354 | D:6      | Killed a two-headed ogre
  9355 | D:6      | Reached skill level 5 in Fighting
  9355 | D:6      | Reached skill level 11 in Polearms
  9355 | D:6      | Reached XP level 9. HP: 9/68 MP: 9/9
  9843 | D:6      | Reached skill level 12 in Polearms
  9894 | D:6      | Reached skill level 5 in Unarmed Combat
 10052 | D:6      | Reached skill level 1 in Short Blades
 10756 | D:7      | Found a shimmering blue altar of Sif Muna.
 10756 | D:7      | Found a basalt altar of Yredelemnul.
 11086 | D:8      | Noticed Grum
 11296 | D:8      | Reached skill level 5 in Stealth
 11388 | D:8      | Killed from afar by an orc priest

Illustrated notes

Levels and vault maps discovered:
D:1:      dpeg_arrival_arbitrary_a, layout_basic,
          hellmonk_ecumenical_altar_heavens_door, serial_glass, glass_columns_a,
          glass_columns_b, glass_columns_c, glass_columns_a, glass_columns_b,
          glass_columns_b, glass_columns_a, glass_columns_a,
          serial_bayou_pond_c, corner_web_ring
D:2:      layout_rooms, minmay_puff, uniq_jessica, uniq_robin,
          uniq_crazy_yiuf_cottage
D:3:      layout_rooms, ebering_ghost_reflecting_pool, minmay_distorted,
          uniq_sigmund, uniq_natasha, uniq_ijyb
D:4:      layout_loops_corners, nzn_random_ring
D:5:      layout_basic, temple_green, serial_shops,
          nicolae_shop_advertising_works [nicolae_subvault_shop_adworks],
          uniq_eustachio
D:6:      layout_loops_corners, serial_shops, nicolae_shop_statue_plus
D:7:      layout_cave_pools, minitemple, lightli_ossuary_entry_decrepit_ruins
D:8:      layout_basic, erik_lair_orcish_takeover, minivault_19,
          chequers_big_river, grunt_decor_junction, uniq_grum
Temple:   mainiacjoe_temple_cubbyholes

Skill      XL: |  1  2  3  4  5  6  7  8  9 |
---------------+----------------------------+-----
Stealth        | 1 2 3 4 5 |  5.2
Polearms       | 5 6 7 9 11 12 | 12.0
Armour         | 1 |  1.0
Fighting       | 3 4 5 6 |  6.4
Dodging        | 5 6 7 |  7.5
Unarmed Combat | 1 3 4 6 |  6.1
Short Blades   | 3 |  3.5
Throwing       | |  2.0

Action                   |  1- 3 |  4- 6 |  7- 9 || total
-------------------------+-------+-------+-------++-------
Melee: Trident           |   115 |   277 |   403 ||   795
       Tailslap          |     4 |    11 |     3 ||    18
       Punch             |       |     5 |    17 ||    22
Invok: Lunge             |     4 |    11 |    19 ||    34
       Whirlwind         |       |    19 |    50 ||    69
  Use: Potion            |       |     1 |       ||     1
       Scroll            |       |       |     4 ||     4
 Stab: Sleeping          |     1 |     4 |     7 ||    12
       Distracted        |       |     1 |     1 ||     2
Armor: Leather armour    |    24 |    47 |    21 ||    92
       Ring mail         |       |       |    99 ||    99
Dodge: Dodged            |    61 |   136 |   282 ||   479
